 Dungeon Crawl Stone Soup version 0.20-a0-1122-gb7cbeb9 (webtiles) character file.

9494 Findor the Arsonist (level 11, -7/54 HPs)
             Began as a Deep Elf Fire Elementalist on May 12, 2017.
             Was a Priest of Vehumet.
             Killed by the air
             ... invoked by Gastronok
              (26 damage)
             ... on level 9 of the Dungeon.
             The game lasted 00:45:11 (11412 turns).

Findor the Arsonist (Deep Elf Fire Elementalist)   Turns: 11412, Time: 00:45:11

Health: -7/54      AC:  6    Str:  5    XL:     11   Next: 23%
Magic:  20/36      EV: 18    Int: 24    God:    Vehumet [***...]
Gold:   312        SH:  0    Dex: 15    Spells: 2/30 levels left

rFire    . . .     SeeInvis .   J - +2 whip (elec)
rCold    . . .     Gourm    .   (no shield)
rNeg     . . .     Faith    .   A - +0 robe
rPois    +         Spirit   .   z - +0 helmet
rElec    .         Reflect  .   (no cloak)
rCorr    .         Harm     .   D - +1 pair of gloves
MR       +....                  i - +0 pair of boots
Stlth    ++........             (no amulet)
Regen    0.2/turn               k - ring of poison resistance
MPRegen  0.3/turn               y - ring of magical power

@: drained
A: no striking features
a: Renounce Religion


You were on level 9 of the Dungeon.
You worshipped Vehumet.
Vehumet was most pleased with you.
You were near starving.

You visited 2 branches of the dungeon, and saw 10 of its levels.

You collected 580 gold pieces.
You spent 268 gold pieces at shops.


   Skills:
 + Level 9.1(8.7) Dodging
 - Level 2.4(2.1) Stealth
 + Level 10.3(9.9) Spellcasting
 * Level 9.8(9.4) Conjurations
 - Level 5.3(4.9) Charms
 * Level 11.7(11.3) Fire Magic


You had 2 spell levels left.
You knew the following spells:

 Your Spells              Type           Power        Failure   Level  Hunger
a - Flame Tongue          Conj/Fire      #####        1%          1    None
b - Throw Flame           Conj/Fire      ######       1%          2    None
c - Conjure Flame         Conj/Fire      ######..     1%          3    None
d - Inner Flame           Hex/Fire       #####...     1%          3    None
e - Ozocubu's Armour      Chrm/Ice       ###.....     5%          3    None
f - Throw Icicle          Conj/Ice       ####....     2%          4    #......
g - Ignite Poison         Fire/Tmut/Pois ####....     1%          3    None
q - Sticky Flame          Conj/Fire      ######..     1%          4    #......
x - Fireball              Conj/Fire      ######....   1%          5    ####...

Inventory:

Hand Weapons
 a - a +4 short sword of flaming
   (You took it off Duvessa on level 4 of the Dungeon)
 b - a +1 blowgun
   (You took it off a kobold on level 3 of the Dungeon)
 F - the +5 war axe of Tigip {protect, Int+2}
   (You bought it in a shop on level 6 of the Dungeon)

   It protects the one who uses it against injury (+AC on strike).
   It affects your intelligence (+2).
 J - a +2 whip of electrocution (weapon)
   (You took it off Pikel on level 6 of the Dungeon)
 N - a +3 dagger of draining
   (You took it off an orc priest on level 6 of the Dungeon)
Missiles
 C - 36 poisoned needles
 O - 2 throwing nets (quivered) {!f}
Armour
 i - a +0 pair of boots (worn)
   (You found it on level 1 of the Dungeon)
 z - a +0 helmet (worn)
   (You took it off Robin on level 4 of the Dungeon)
 A - a +0 robe (worn)
   (You took it off Jessica on level 3 of the Dungeon)
 D - a +1 pair of gloves (worn)
   (You found it on level 5 of the Dungeon)
Magical Staves
 R - an uncursed staff of summoning
   (You found it on level 8 of the Dungeon)
Jewellery
 k - a ring of poison resistance (left hand)
   (You found it on level 1 of the Dungeon)
 y - a ring of magical power (right hand)
   (You found it on level 3 of the Dungeon)
 K - an uncursed ring of ice
   (You found it on level 1 of the Dungeon)
Wands
 f - a wand of lightning (6/15)
   (You found it on level 6 of the Dungeon)
 t - a wand of flame (14/48)
   (You took it off Dowan on level 3 of the Dungeon)
 v - a wand of digging (1/24)
   (You found it on level 5 of the Dungeon)
 x - a wand of acid (12/15)
   (You found it on level 3 of the Dungeon)
 I - a wand of polymorph (22/24)
   (You found it on level 6 of the Dungeon)
 P - a wand of flame (16/48)
   (You found it on level 6 of the Dungeon)
Scrolls
 m - 3 scrolls of remove curse {@r2}
 n - 3 scrolls of teleportation {@r4}
 s - 2 scrolls of recharging
 u - 3 scrolls of amnesia
 H - 2 scrolls of magic mapping
 L - a scroll of vulnerability {unknown}
 Q - a scroll of random uselessness {unknown}
Potions
 d - 4 potions of degeneration {!q}
 e - a potion of brilliance
 h - a potion of heal wounds {unknown}
 j - a potion of curing {@q1}
 l - a potion of flight {unknown}
 o - 4 potions of lignification {!q}
 E - a potion of agility
 M - 2 potions of mutation {!q}
Books
 w - a book of Frost
   (You found it on level 3 of the Dungeon)
 B - a book of Flames
Comestibles
 g - 8 meat rations
 p - 6 fruits
 q - 5 bread rations
 r - 5 royal jellies


Message History

Press: ? - help, Shift-Dir - straight line, f/p - Grum
Aim: Grum, wielding a spear and wearing an animal skin (severely wounded)
The fireball explodes!
The fireball engulfs Grum.
You kill Grum!
Vehumet accepts your kill.
You start resting.
Things that are here:
a spear; an animal skin
Things that are here:
a spear; an animal skin Gastronok the Ponderous comes into view.
Casting: Fireball
Aiming: Conjure Flame
Press: ? - help, Dir - move target cursor The fire ignites!
Casting: Conjure Flame You can't see any susceptible monsters within range! (Use Z to cast anyway.)
Casting: Conjure Flame
Aiming: Sticky Flame
Press: ? - help, Shift-Dir - straight line, f - Gastronok
Aim: Gastronok, wearing an embroidered hat (flame)
The sticky flame hits Gastronok.
Gastronok is covered in liquid flames!
Gastronok burns!
Gastronok is engulfed in blazing flames.
Gastronok completely misses you.
Casting: Sticky Flame
Aiming: Fireball
Press: ? - help, Shift-Dir - straight line, p - Gastronok The fireball explodes!
The fireball engulfs Gastronok.
You are near starving!
Gastronok burns!
Casting: Fireball
Aiming: Fireball
Press: ? - help, Shift-Dir - straight line The fireball explodes!
The fireball engulfs Gastronok.
Gastronok burns!
Gastronok is engulfed in blazing flames.
Gastronok waves his eye-stalks in wide circles.
The air twists around and strikes you!
Ouch! That really hurt!
* * * LOW HITPOINT WARNING * * *
Gastronok burns!
Gastronok stops burning.
Gastronok is engulfed in blazing flames.
Gastronok makes a strange noise.
Casting: Fireball
Aiming: Conjure Flame
Press: ? - help, Dir - move target cursor The fire ignites!
Gastronok waves his eye-stalks in wide circles.
The air twists around and strikes you!
You die...

######).........#.##.#
...###...#.######.##.#
...#.......# #.##.#
...........######.##.#
..................##.#
...................#.###
##...#...#.#.......#.#.#
.....................#.#
##.#.#...#.#.###@#.###.#
.............w§........#
##.#.....###§###.#.###.#
##.#.....# #.# #.#.###.##
##.#.....# #............#
##Y≈.#>... .............#
##.≈.≈#..###..####.###.##
.......... ............#
......≈..# #..####.###.#


You could see Gastronok.

Vanquished Creatures
  3 two-headed ogres (D:8)
  The ghost of sour the Basher, a novice BaFi (D:6)
  Pikel (D:6)
  The ghost of yrara the Cudgeler, a novice DsFi (D:5)
  Grinder (D:4)
  Prince Ribbit (D:8)
  A hippogriff (D:7)
  4 yaks (D:9)
  Grum (D:9)
  Edmund (D:4)
  2 water moccasins
  Duvessa (D:4)
  2 necrophages (D:8)
  4 ice beasts
  2 phantoms
  2 sky beasts
  A black bear (D:8)
  12 ogres
  An eye of draining (D:9)
  A centaur (D:7)
  A crocodile (D:8)
  3 wolves (D:9)
  A big kobold (D:7)
  A bullfrog (D:8)
  Dowan (D:3)
  A water moccasin skeleton (D:8)
  3 scorpions
  A killer bee (D:8)
  4 howler monkeys
  8 wights
  An electric eel (D:9)
  2 crimson imps (D:7)
  2 hounds (D:8)
  A quasit (D:9)
  2 bullfrog zombies
  5 orc priests
  A gnoll shaman (D:6)
  2 jellies
  6 orc wizards
  Jessica (D:3)
  3 iguanas (D:5)
  9 worker ants
  A worker ant zombie (D:7)
  Robin (D:4)
  9 gnolls
  8 adders
  A shadow imp (D:9)
  2 oozes (D:1)
  An adder skeleton (D:3)
  3 worms
  2 dart slugs
  7 leopard geckos
  25 orcs
  3 giant cockroaches
  15 goblins
  10 hobgoblins
  2 jackals (D:4)
  2 quokkas
  2 ball pythons
  A ball python skeleton (D:4)
  10 bats
  6 frilled lizards
  13 kobolds
  3 rats
229 creatures vanquished.

Notes
Turn   | Place    | Note
-------+----------+-------------------------------------------
     0 | D:1      | Findor the Deep Elf Fire Elementalist began the quest for the Orb.
     0 | D:1      | Reached XP level 1. HP: 10/10 MP: 6/6
    56 | D:1      | Reached XP level 2. HP: 14/15 MP: 2/8
    70 | D:1      | Learned a level 2 spell: Throw Flame
   443 | D:1      | You fall through a shaft!
   449 | D:2      | Reached XP level 3. HP: 19/19 MP: 2/10
   911 | D:2      | Learned a level 3 spell: Conjure Flame
   915 | D:2      | Learned a level 3 spell: Inner Flame
   921 | D:2      | Reached skill level 4 in Fire Magic
   994 | D:2      | Reached skill level 3 in Dodging
  1742 | D:3      | Reached XP level 4. HP: 24/24 MP: 9/11
  2228 | D:3      | Noticed Jessica
  2242 | D:3      | Killed Jessica
  2527 | D:3      | Reached XP level 5. HP: 28/28 MP: 13/13
  2606 | D:4      | Noticed Duvessa
  2606 | D:4      | Noticed Dowan
  3077 | D:4      | Noticed Robin
  3168 | D:4      | Killed Robin
  3168 | D:4      | Reached skill level 5 in Fire Magic
  3393 | D:4      | Learned a level 4 spell: Sticky Flame
  3397 | D:4      | Found a burning altar of Makhleb.
  3398 | D:4      | Found a hide-covered altar of Uskayaw.
  3481 | D:4      | Noticed Grinder
  3492 | D:4      | Paralysed by Grinder for 3 turns
  3499 | D:4      | Paralysed by Grinder for 7 turns
  3500 | D:4      | Killed Grinder
  3500 | D:4      | Reached skill level 3 in Conjurations
  3500 | D:4      | Reached XP level 6. HP: 7/32 MP: 8/15
  3897 | D:4      | Noticed Edmund
  3898 | D:4      | Killed Duvessa
  3898 | D:4      | Reached skill level 6 in Fire Magic
  3898 | D:4      | Reached XP level 7. HP: 36/36 MP: 7/17
  3909 | D:3      | Killed Dowan
  4029 | D:4      | Killed Edmund
  4195 | D:4      | Reached skill level 6 in Spellcasting
  4271 | D:4      | Learned a level 5 spell: Fireball
  4435 | D:5      | Entered Level 5 of the Dungeon
  4473 | D:5      | Noticed yrara's ghost (novice DsFi)
  4481 | D:5      | HP: 7/36 [yrara's ghost (15)]
  4482 | D:5      | Killed yrara's ghost
  4482 | D:5      | Reached skill level 7 in Fire Magic
  4482 | D:5      | Reached XP level 8. HP: 8/41 MP: 8/19
  4818 | D:5      | Found a staircase to the Ecumenical Temple.
  4855 | D:5      | Reached skill level 6 in Dodging
  4890 | Temple   | Entered the Ecumenical Temple
  4918 | Temple   | Became a worshipper of Vehumet
  5108 | D:5      | Reached skill level 8 in Fire Magic
  5205 | D:5      | Learned a level 3 spell: Ozocubu's Armour
  5274 | D:5      | Reached skill level 1 in Charms
  6154 | D:6      | Found Lammelaoju's Antique Weapon Shop.
  6157 | D:6      | Bought a twisted war axe for 178 gold pieces
  6237 | D:6      | Reached XP level 9. HP: 45/45 MP: 22/22
  6289 | D:6      | Found Rean's Armour Emporium.
  6345 | D:6      | Found a blossoming altar of Fedhas.
  6345 | D:6      | Found a bloodstained altar of Trog.
  6350 | D:6      | Found a faded altar of an unknown god.
  6352 | D:6      | Found a hazy altar of Hepliaklqana.
  6421 | D:6      | Found a white marble altar of Elyvilon.
  6484 | D:6      | Noticed sour's ghost (novice BaFi)
  6509 | D:6      | Killed sour's ghost
  6509 | D:6      | Reached skill level 6 in Conjurations
  6509 | D:6      | Reached skill level 3 in Charms
  6509 | D:6      | Reached skill level 9 in Fire Magic
  6623 | D:6      | Noticed Pikel
  6636 | D:6      | Killed Pikel
  6741 | D:6      | Found Higha's Armour Shop.
  6908 | D:6      | Found Hiecon's Armour Boutique.
  6914 | D:6      | Found Kodur's Magic Scroll Shoppe.
  6921 | D:6      | Bought a scroll of magic mapping for 42 gold pieces
  6921 | D:6      | Bought a scroll of identify for 24 gold pieces
  6921 | D:6      | Bought a scroll of identify for 24 gold pieces
  6921 | D:6      | Identified the +5 war axe of Tigip {protect, Int+2} (You bought it in a shop on level 6 of the Dungeon)
  6963 | D:6      | Reached * piety under Vehumet
  6963 | D:6      | Offered knowledge of Shock by Vehumet.
  7854 | D:7      | Reached XP level 10. HP: 50/50 MP: 24/24
  8347 | D:7      | Reached skill level 10 in Fire Magic
  8378 | D:7      | Offered knowledge of Sandblast by Vehumet.
  8512 | D:7      | Reached ** piety under Vehumet
  8519 | D:7      | Learned a level 4 spell: Throw Icicle
  8778 | D:8      | Reached skill level 9 in Spellcasting
  8781 | D:8      | Noticed a two-headed ogre
  8786 | D:8      | Killed a two-headed ogre
  8793 | D:8      | Noticed Prince Ribbit
  9042 | D:8      | Noticed a two-headed ogre
  9078 | D:8      | Killed a two-headed ogre
  9251 | D:8      | Reached skill level 9 in Conjurations
  9267 | D:8      | Offered knowledge of Ignite Poison by Vehumet.
  9286 | D:8      | Reached skill level 11 in Fire Magic
  9743 | D:8      | Reached *** piety under Vehumet
  9748 | D:8      | Learned a level 3 spell: Ignite Poison
  9751 | D:8      | Killed Prince Ribbit
 10175 | D:9      | Found a shattered altar of Ashenzari.
 10199 | D:9      | Reached XP level 11. HP: 54/54 MP: 8/27
 10444 | D:9      | Noticed Erica
 10449 | D:9      | Noticed a two-headed ogre
 10460 | D:9      | HP: 5/54 [Erica/scimitar of flaming (6)]
 10694 | D:8      | Noticed a two-headed ogre
 10698 | D:8      | Killed a two-headed ogre
 10928 | D:9      | Reached skill level 9 in Dodging
 10936 | D:9      | Offered knowledge of Olgreb's Toxic Radiance by Vehumet.
 10940 | D:9      | Noticed Grum
 10959 | D:9      | HP: 9/54 [Grum/spear (8)]
 11307 | D:9      | Killed Grum
 11388 | D:9      | Noticed Gastronok
 11412 | D:9      | Killed from afar by Gastronok

Vault maps used:
D:1:      scummos_arrival_simple_fountains
D:2:      first_bread
D:3:      hangedman_decor_slide_cut, uniq_jessica
D:4:      grunt_temple_overflow_open, uniq_edmund, uniq_duvessa, uniq_robin,
          uniq_grinder
D:5:      minmay_temple_entry_statues_fountains
D:6:      chequers_temple_overflow_minitemple, serial_shops, shop,
          nicolae_shop_waterfront, nicolae_shop_behind_doors, shop_statue,
          nicolae_shop_stone, uniq_pikel
D:8:      cheibrodos_barr_body, grunt_ogre_cave, uniq_prince_ribbit1
D:9:      nicolae_ashenzari_panopticon, uniq_grum, uniq_gastronok, uniq_erica
Temple:   regret_index_temple_sphere_string

Action                   |  1- 3 |  4- 6 |  7- 9 | 10-12 || total
-------------------------+-------+-------+-------+-------++-------
Melee: Short sword       |       |       |    95 |       ||    95
       Whip              |       |       |     5 |    30 ||    35
 Fire: Blowgun           |       |    18 |     1 |       ||    19
 Cast: Flame Tongue      |    65 |    53 |   155 |   115 ||   388
       Throw Flame       |     5 |    59 |    55 |    46 ||   165
       Conjure Flame     |     1 |     5 |    23 |    12 ||    41
       Inner Flame       |     1 |       |       |       ||     1
       Sticky Flame      |       |     1 |    12 |    24 ||    37
       Fireball          |       |       |     1 |    35 ||    36
       Ozocubu's Armour  |       |       |     1 |       ||     1
Evoke: Wand              |     1 |       |       |       ||     1
  Use: Scroll            |       |    10 |     5 |     4 ||    19
       Potion            |       |     3 |       |     2 ||     5
  Eat: Chunk             |     3 |     6 |     2 |     9 ||    20
       Bread ration      |       |     1 |     2 |     1 ||     4
       Fruit             |       |       |       |     2 ||     2
Armor: Robe              |     4 |     6 |    32 |     5 ||    47
Dodge: Dodged            |    19 |    31 |    75 |    59 ||   184
